[Event "Rated Blitz game"]
[Site "?"]
[Date "2021.02.03"]
[Round "?"]
[White "OgroBaku"]
[Black "Webbimio"]
[Result "0-1"]
[ECO "C42"]
[WhiteElo "2400"]
[BlackElo "2327"]
[PlyCount "148"]
[EventDate "2021.??.??"]
[EventType "blitz"]
[TimeControl "180"]

1. e4 e5 2. Nf3 Nf6 3. Nxe5 d6 4. Nxf7 Kxf7 5. d4 Be7 6. Bc4+ d5 7. exd5 Bd6 8.
Nc3 Re8+ 9. Be3 Kg8 10. h3 Nbd7 11. Bb3 Nf8 12. Qf3 Ng6 13. O-O-O Qd7 14. g3
Qf5 15. Qg2 Ne4 16. Nb5 Bd7 17. Nxd6 Nxd6 18. c3 Qe4 19. Qxe4 Rxe4 20. Bc2 Re7
21. Rhe1 Rae8 22. g4 Nh4 23. Bd2 Nf3 24. Rxe7 Rxe7 25. Be3 g6 26. Bd3 Bb5 27.
Kc2 Bxd3+ 28. Kxd3 Ne4 29. c4 Nfg5 30. h4 Nf3 31. h5 Nf6 32. hxg6 hxg6 33. Rh1
Nxg4 34. Rh3 Rxe3+ 35. fxe3 Nf2+ 36. Ke2 Nxh3 37. Kxf3 Kf7 38. e4 Ng5+ 39. Kf4
Nh3+ 40. Kg3 Ng5 41. Kf4 Nh7 42. e5 Nf8 43. c5 c6 44. Ke4 Ke7 45. b4 a6 46. a4
Nd7 47. b5 cxb5 48. axb5 a5 49. e6 Nb8 50. Ke5 a4 51. d6+ Ke8 52. d5 a3 53. c6
bxc6 54. dxc6 a2 55. c7 a1=Q+ 56. Ke4 Qa4+ 57. Kf3 Qb3+ 58. Kg2 Qd5+ 59. Kg1
Qc5+ 60. Kf1 Qxb5+ 61. Kg2 Qd5+ 62. Kg1 Qd4+ 63. Kg2 Qg4+ 64. Kf1 Qf5+ 65. Kg2
Qc2+ 66. Kg1 Nd7 67. Kf1 g5 68. Kg1 g4 69. exd7+ Kxd7 70. Kf1 g3 71. Ke1 Qf2+
72. Kd1 g2 73. c8=Q+ Kxc8 74. d7+ Kb7 {Time forfeit} 0-1

[Event "Rated Blitz tournament T2TLXqPz"]
[Site "?"]
[Date "2021.02.03"]
[Round "?"]
[White "fireanigirl"]
[Black "Vostanin"]
[Result "1-0"]
[ECO "C42"]
[WhiteElo "2586"]
[BlackElo "2581"]
[PlyCount "53"]
[EventDate "2021.??.??"]
[EventType "blitz"]
[TimeControl "180"]

1. e4 e5 2. Nf3 Nf6 3. Nxe5 d6 4. Nxf7 Kxf7 5. d4 c5 6. c3 Nc6 7. d5 Ne7 8. Bd3
Bg4 9. f3 Bd7 10. O-O Ng6 11. c4 Be7 12. Nc3 Re8 13. f4 Kg8 14. Bd2 Bf8 15. Qc2
Rb8 16. Rae1 a6 17. e5 dxe5 18. Bxg6 hxg6 19. fxe5 Bf5 20. Rxf5 gxf5 21. exf6
Rxe1+ 22. Bxe1 Qxf6 23. Bg3 Re8 24. h3 f4 25. Bf2 Bd6 26. Qd3 Qf5 27. Qxf5 {
Normal} 1-0

[Event "Rated Blitz tournament C9s2lLca"]
[Site "?"]
[Date "2021.02.02"]
[Round "?"]
[White "Proteuo"]
[Black "BrandoliniChess"]
[Result "1/2-1/2"]
[ECO "C42"]
[WhiteElo "2425"]
[BlackElo "2413"]
[PlyCount "119"]
[EventDate "2021.??.??"]
[EventType "blitz"]
[TimeControl "180"]

1. e4 e5 2. Nf3 Nf6 3. Nxe5 d6 4. Nxf7 Kxf7 5. Nc3 c5 6. Bc4+ Be6 7. Bxe6+ Kxe6
8. d4 cxd4 9. Qxd4 Nc6 10. Qc4+ Kd7 11. Bg5 Be7 12. O-O-O Qa5 13. Bf4 Rac8 14.
Qf7 Ne5 15. Qxg7 Rxc3 16. Bxe5 Qxe5 17. Qxh8 Rc8 18. Qg7 Qxe4 19. c3 Qe6 20.
Rhe1 Ne4 21. f3 Rg8 22. Qd4 Qh6+ 23. Kb1 Nf6 24. Rxe7+ Kxe7 25. Qxd6+ Kf7 26.
Qc7+ Kg6 27. Qxb7 Qxh2 28. Qxa7 Qxg2 29. Rg1 Kf5 30. Rxg2 Rxg2 31. Qe7 Rg1+ 32.
Kc2 Rg2+ 33. Kb3 Rg6 34. Qe3 Rg7 35. f4 Rb7+ 36. Kc2 Kg6 37. f5+ Kf7 38. Qe6+
Kg7 39. Qe3 Rf7 40. Qg3+ Kf8 41. Qb8+ Kg7 42. Qh2 Kf8 43. Qh5 Kg7 44. Qh6+ Kxh6
45. c4 Kg5 46. Kb3 Kxf5 47. a4 Ke5 48. a5 Kd6 49. Kb4 Kc6 50. a6 Nd7 51. c5
Nxc5 52. Kc4 Ra7 53. b4 Rxa6 54. b5+ Kb6 55. bxa6 Kxa6 56. Kd5 Ka5 57. Ke5 Ka4
58. Kf6 Ne4+ 59. Kg7 Ng3 60. Kxh7 {Normal} 1/2-1/2

[Event "Rated Blitz game"]
[Site "?"]
[Date "2021.02.01"]
[Round "?"]
[White "Chessibague"]
[Black "adnansendur"]
[Result "0-1"]
[ECO "C42"]
[WhiteElo "2480"]
[BlackElo "2470"]
[PlyCount "60"]
[EventDate "2021.??.??"]
[EventType "blitz"]
[TimeControl "180"]

1. e4 e5 2. Nf3 Nf6 3. Nxe5 d6 4. Nxf7 Kxf7 5. Nc3 g6 6. d4 Nc6 7. Bc4+ Kg7 8.
O-O Be7 9. f4 Nxe4 10. Nxe4 d5 11. Bb3 dxe4 12. d5 Bc5+ 13. Kh1 Nd4 14. Ba4 Nf5
15. Re1 Nd6 16. b4 Bb6 17. Bb2+ Kf7 18. Bb3 Re8 19. c4 Bf2 20. Re2 Qh4 21. c5
Nf5 22. d6+ Be6 23. Rxf2 Qxf2 24. d7 Red8 25. Bxe6+ Kxe6 26. Qb3+ Ke7 27. Qc3
Rf8 28. Qe5+ Kd8 29. Rd1 Qe2 30. Qf6+ Rxf6 {Normal} 0-1

[Event "Rated Blitz game"]
[Site "?"]
[Date "2021.02.01"]
[Round "?"]
[White "Welcometo"]
[Black "TwoKings17"]
[Result "0-1"]
[ECO "C42"]
[WhiteElo "2287"]
[BlackElo "2419"]
[PlyCount "52"]
[EventDate "2021.??.??"]
[EventType "blitz"]
[TimeControl "180"]

1. e4 e5 2. Nf3 Nf6 3. Nxe5 d6 4. Nxf7 Kxf7 5. d4 Nc6 6. Nc3 Be7 7. Be2 Re8 8.
O-O Kg8 9. f4 d5 10. e5 Ne4 11. Nxe4 dxe4 12. d5 Bc5+ 13. Kh1 Nd4 14. c4 Qh4
15. e6 Nf5 16. Qb3 e3 17. Kg1 c6 18. g4 Nd4 19. Qd3 cxd5 20. cxd5 b6 21. b4
Nxe2+ 22. Qxe2 Bxb4 23. Bxe3 a5 24. Qf3 Bb7 25. Rad1 Rxe6 26. Bf2 Qe7 {Normal}
0-1

[Event "Rated Blitz tournament PkvgYXk6"]
[Site "?"]
[Date "2021.01.31"]
[Round "?"]
[White "Donkey006"]
[Black "gijsijsijs"]
[Result "1-0"]
[ECO "C42"]
[WhiteElo "2430"]
[BlackElo "2210"]
[PlyCount "105"]
[EventDate "2021.??.??"]
[EventType "blitz"]
[TimeControl "180+2"]

1. e4 e5 2. Nf3 Nf6 3. Nxe5 d6 4. Nxf7 Kxf7 5. Bc4+ d5 6. exd5 Bd6 7. O-O Nbd7
8. Bb3 Re8 9. h3 Nc5 10. d4 Nxb3 11. axb3 Bf5 12. c4 b6 13. Nc3 Qd7 14. Qf3 Bg6
15. Bf4 Kg8 16. Bxd6 cxd6 17. Rfe1 Rf8 18. Re6 Rae8 19. Rae1 Rxe6 20. dxe6 Qe7
21. Qc6 Ne8 22. Nd5 Qh4 23. g3 Qxd4 24. Rf1 Bd3 25. e7 Bxf1 26. exf8=Q+ Kxf8
27. Kxf1 Qd1+ 28. Kg2 Qe2 29. Qd7 Qe4+ 30. Kh2 Qe2 31. Qf5+ Kg8 32. h4 h6 33.
h5 Qe5 34. Qg6 Nf6 35. Nxf6+ Qxf6 36. Qxf6 gxf6 37. Kh3 Kf7 38. Kg4 Ke6 39. Kf4
a6 40. Ke4 b5 41. g4 b4 42. f4 a5 43. f5+ Ke7 44. Kd5 Kd7 45. c5 dxc5 46. Kxc5
Kc7 47. Kb5 Kd6 48. Kxa5 Kc5 49. Ka4 Kd4 50. Kxb4 Ke4 51. Kc5 Kf4 52. b4 Kxg4
53. b5 {Normal} 1-0

[Event "Rated Blitz tournament dui0NEku"]
[Site "?"]
[Date "2021.01.31"]
[Round "?"]
[White "Saparmyrat"]
[Black "Sailor1951"]
[Result "0-1"]
[ECO "C42"]
[WhiteElo "2586"]
[BlackElo "2660"]
[PlyCount "87"]
[EventDate "2021.??.??"]
[EventType "blitz"]
[TimeControl "300"]

1. e4 e5 2. Nf3 Nf6 3. Nxe5 d6 4. Nxf7 Kxf7 5. Nc3 c5 6. d4 cxd4 7. Bc4+ Be6 8.
Qxd4 Bxc4 9. Qxc4+ d5 10. exd5 Bd6 11. O-O Nbd7 12. Bg5 Re8 13. Rfe1 Ne5 14.
Qh4 h6 15. Bxf6 Qxf6 16. Qxf6+ gxf6 17. f4 Nc4 18. b3 Bb4 19. Rxe8 Rxe8 20. Nb5
Nd6 21. Nxd6+ Bxd6 22. g3 Re2 23. c4 f5 24. a3 a5 25. Kh1 b6 26. b4 axb4 27.
axb4 Bxb4 28. Ra7+ Kf6 29. Rh7 Kg6 30. Rc7 Bc5 31. Rc6+ Kg7 32. Rc7+ Re7 33.
Rxe7+ Bxe7 34. Kg2 Kf6 35. Kf3 Bc5 36. h3 h5 37. g4 fxg4+ 38. hxg4 hxg4+ 39.
Kxg4 Bd6 40. f5 Be5 41. Kf3 Kxf5 42. Ke3 Bd6 43. Kd4 Kf4 44. Kd3 {Normal} 0-1

[Event "Rated Blitz tournament uNQjHDT4"]
[Site "?"]
[Date "2021.01.31"]
[Round "?"]
[White "borobudur70"]
[Black "Sinwa_KBPL"]
[Result "1-0"]
[ECO "C42"]
[WhiteElo "2595"]
[BlackElo "2229"]
[PlyCount "93"]
[EventDate "2021.??.??"]
[EventType "blitz"]
[TimeControl "180"]

1. e4 e5 2. Nf3 Nf6 3. Nxe5 d6 4. Nxf7 Kxf7 5. d4 Nc6 6. Nc3 Be7 7. Bc4+ Ke8 8.
O-O Bg4 9. f3 Bh5 10. Re1 Bf7 11. Bxf7+ Kxf7 12. Qe2 Re8 13. e5 dxe5 14. Qc4+
Kf8 15. dxe5 Nd7 16. Bf4 Bc5+ 17. Kh1 Qe7 18. Nd5 Qf7 19. Qe4 Bb6 20. e6 Qh5
21. Bxc7 Nc5 22. Qf4+ Kg8 23. e7 Qf7 24. Qxf7+ Kxf7 25. Bxb6 axb6 26. Nc7 Rac8
27. Nxe8 Rxe8 28. Rad1 Nb8 29. Rd8 Nc6 30. Rxe8 Kxe8 31. g4 Nxe7 32. Kg2 Kd7
33. Kg3 g6 34. h4 Ne6 35. c3 Nc6 36. f4 Kd6 37. f5 gxf5 38. gxf5 Nf8 39. Kf4
Ne7 40. Kg5 Nd5 41. c4 Ne7 42. f6 Neg6 43. h5 Ne5 44. Kh6 Ke6 45. Kg7 Nfd7 46.
f7 Ke7 47. Rxe5+ {Normal} 1-0

[Event "Rated Blitz game"]
[Site "?"]
[Date "2021.01.30"]
[Round "?"]
[White "Popesa-Pollito"]
[Black "ragabove"]
[Result "1/2-1/2"]
[ECO "C42"]
[WhiteElo "2496"]
[BlackElo "2407"]
[PlyCount "86"]
[EventDate "2021.??.??"]
[EventType "blitz"]
[TimeControl "180"]

1. e4 e5 2. Nf3 Nf6 3. Nxe5 d6 4. Nxf7 Kxf7 5. Nc3 d5 6. e5 Ne4 7. Qf3+ Ke8 8.
Nxe4 dxe4 9. Qxe4 Nc6 10. c3 g6 11. d4 Bf5 12. Qf3 Bg7 13. Bb5 Bd7 14. Bc4 Qe7
15. Bg5 Qxg5 16. Qf7+ Kd8 17. Qxg7 Re8 18. O-O Qe7 19. Qh6 Be6 20. Bxe6 Qxe6
21. d5 Qxe5 22. dxc6 bxc6 23. Qxh7 Rh8 24. Rad1+ Kc8 25. Qd7+ Kb7 26. f4 Qe3+
27. Rf2 Rxh2 28. Kxh2 Qxf2 29. Qd4 Qh4+ 30. Kg1 Rh8 31. Kf1 Qh1+ 32. Qg1 Qh5
33. Qd4 Qg4 34. Kg1 Qh4 35. Kf1 Qg4 36. Qxh8 Qxd1+ 37. Kf2 Qd2+ 38. Kg3 Qe3+
39. Kg4 Qe2+ 40. Kg3 Qe3+ 41. Kg4 Qe2+ 42. Kh3 Qe6+ 43. Kg3 Qe3+ {Normal}
1/2-1/2

[Event "Rated Blitz game"]
[Site "?"]
[Date "2021.01.30"]
[Round "?"]
[White "Nmayorga92"]
[Black "ragabove"]
[Result "0-1"]
[ECO "C42"]
[WhiteElo "2418"]
[BlackElo "2408"]
[PlyCount "96"]
[EventDate "2021.??.??"]
[EventType "blitz"]
[TimeControl "180"]

1. e4 e5 2. Nf3 Nf6 3. Nxe5 d6 4. Nxf7 Kxf7 5. Bc4+ d5 6. exd5 Bd6 7. O-O Re8
8. Nc3 a6 9. a4 Bf5 10. d4 Nbd7 11. h3 Nb6 12. Bb3 Kg8 13. a5 Nbd7 14. Qf3 Bg6
15. Bg5 Rf8 16. Rfe1 Qc8 17. Re6 Ne4 18. Qe3 Nxg5 19. Qxg5 Nf6 20. Rae1 Qd7 21.
Qe3 Qf7 22. Ne2 Rae8 23. Ng3 Kh8 24. c4 h6 25. c5 Bxg3 26. Qxg3 Ne4 27. Qe3 Ng5
28. d6 Nxe6 29. Bxe6 Rxe6 30. Qxe6 Qxf2+ 31. Kh2 cxd6 32. cxd6 Qf4+ 33. Kh1 Kh7
34. d7 Rd8 35. d5 Bf5 36. Qe5 Qxe5 37. Rxe5 Bxd7 38. Re7 Bb5 39. Rxb7 Rxd5 40.
b4 Rd2 41. Kh2 Rb2 42. Rb6 Rxb4 43. Kg3 Rb2 44. Kh2 Rb3 45. g3 Ra3 46. Kg1 Ra2
47. Kh1 Rxa5 48. Rb7 Ra1+ {Time forfeit} 0-1

[Event "Rated Blitz game"]
[Site "?"]
[Date "2021.01.30"]
[Round "?"]
[White "Guanabana12"]
[Black "Goldi70"]
[Result "1-0"]
[ECO "C42"]
[WhiteElo "2454"]
[BlackElo "2361"]
[PlyCount "55"]
[EventDate "2021.??.??"]
[EventType "blitz"]
[TimeControl "180"]

1. e4 e5 2. Nf3 Nf6 3. Nxe5 d6 4. Nxf7 Kxf7 5. Bc4+ Be6 6. Bxe6+ Kxe6 7. O-O
Kd7 8. Nc3 Kc8 9. d4 Nbd7 10. f4 c6 11. Qf3 Nb6 12. a4 a5 13. b3 Qd7 14. Ba3
Qg4 15. Qf2 Ra6 16. Rad1 d5 17. Bxf8 Rxf8 18. e5 Ne4 19. Nxe4 dxe4 20. f5 e3
21. Qxe3 Rxf5 22. e6 Nd5 23. e7 Rxf1+ 24. Rxf1 Nxe7 25. Qxe7 Qxd4+ 26. Kh1 Qd7
27. Qe5 Qd8 28. Qxg7 {Normal} 1-0

[Event "Rated Blitz game"]
[Site "?"]
[Date "2021.01.30"]
[Round "?"]
[White "Fadwa-pulgar"]
[Black "ragabove"]
[Result "1-0"]
[ECO "C42"]
[WhiteElo "2631"]
[BlackElo "2414"]
[PlyCount "27"]
[EventDate "2021.??.??"]
[EventType "blitz"]
[TimeControl "180"]

1. e4 e5 2. Nf3 Nf6 3. Nxe5 d6 4. Nxf7 Kxf7 5. d4 c5 6. Nc3 cxd4 7. Bc4+ Be6 8.
Bxe6+ Kxe6 9. Qxd4 Nc6 10. Qc4+ Kd7 11. Bf4 Rc8 12. O-O-O Qa5 13. Qf7+ Kd8 14.
Bxd6 {Normal} 1-0

[Event "Rated Rapid game"]
[Site "?"]
[Date "2021.01.29"]
[Round "?"]
[White "Serg_T"]
[Black "angelofdeathh00"]
[Result "0-1"]
[ECO "C42"]
[WhiteElo "2428"]
[BlackElo "2458"]
[PlyCount "42"]
[EventDate "2021.??.??"]
[EventType "rapid"]
[TimeControl "600"]

1. e4 e5 2. Nf3 Nf6 3. Nxe5 d6 4. Nxf7 Kxf7 5. d4 Be7 6. Nc3 Nc6 7. Bc4+ Kf8 8.
f4 Bg4 9. Qd3 Nb4 10. Qd2 d5 11. Bb3 a5 12. e5 a4 13. Bxa4 Rxa4 14. exf6 Bxf6
15. Nxa4 Bh4+ 16. g3 Qe7+ 17. Kf2 Qe4 18. Qxb4+ Kf7 19. Re1 Qf3+ 20. Kg1 Bh3
21. Qd2 Re8 {Normal} 0-1

[Event "Rated Blitz tournament MuHT5jKk"]
[Site "?"]
[Date "2021.01.29"]
[Round "?"]
[White "Bocharov-Ivan"]
[Black "Znat_Kvas"]
[Result "1-0"]
[ECO "C42"]
[WhiteElo "2590"]
[BlackElo "2228"]
[PlyCount "55"]
[EventDate "2021.??.??"]
[EventType "blitz"]
[TimeControl "180+2"]

1. e4 e5 2. Nf3 Nf6 3. Nxe5 d6 4. Nxf7 Kxf7 5. d4 c5 6. Bc4+ Be6 7. Bxe6+ Kxe6
8. d5+ Kf7 9. Nc3 Be7 10. O-O Rf8 11. f4 Nbd7 12. b3 Kg8 13. Bb2 c4 14. Qe2
cxb3 15. axb3 a6 16. e5 Ne8 17. Ne4 Qb6+ 18. Kh1 Kh8 19. Qg4 Rd8 20. Rf3 dxe5
21. fxe5 Qg6 22. Qxg6 hxg6 23. d6 Bh4 24. Rh3 Rf4 25. Re1 Kg8 26. g3 Rg4 27.
Rxh4 Rxh4 28. gxh4 {Normal} 1-0

[Event "Rated Blitz tournament Cusk0xbt"]
[Site "?"]
[Date "2021.01.28"]
[Round "?"]
[White "Schach_du_Nase"]
[Black "chlapeur"]
[Result "1-0"]
[ECO "C42"]
[WhiteElo "2441"]
[BlackElo "2207"]
[PlyCount "93"]
[EventDate "2021.??.??"]
[EventType "blitz"]
[TimeControl "180+2"]

1. e4 e5 2. Nf3 Nf6 3. Nxe5 d6 4. Nxf7 Kxf7 5. d4 c6 6. Nc3 Be7 7. f4 Rf8 8.
Bd3 Kg8 9. O-O Bg4 10. Qe1 d5 11. e5 Ne4 12. Nxe4 dxe4 13. Qxe4 Bf5 14. Qe3
Bxd3 15. Qxd3 g6 16. Be3 b5 17. f5 gxf5 18. Rxf5 Rxf5 19. Qxf5 Qd5 20. Rf1 Nd7
21. c3 Rf8 22. Qg4+ Kh8 23. Bh6 Rxf1+ 24. Kxf1 Qf7+ 25. Ke2 Nf8 26. Bxf8 Qxf8
27. b3 a5 28. Qe6 Bg5 29. Qxc6 Qf4 30. Qf3 Qxf3+ 31. Kxf3 Kg7 32. Ke4 Kf7 33.
c4 bxc4 34. bxc4 Ke7 35. Kd5 Kd7 36. a4 h5 37. g3 Be3 38. h3 Bd2 39. g4 hxg4
40. hxg4 Bg5 41. Ke4 Bh4 42. d5 Bf2 43. g5 Be1 44. g6 Ke7 45. Kf5 Bc3 46. d6+
Kd7 47. g7 {Normal} 1-0

[Event "Rated Classical game"]
[Site "?"]
[Date "2021.01.28"]
[Round "?"]
[White "DoctorTancredi"]
[Black "Crimson64"]
[Result "1-0"]
[ECO "C42"]
[WhiteElo "2606"]
[BlackElo "2536"]
[PlyCount "71"]
[EventDate "2021.??.??"]
[TimeControl "900+15"]

1. e4 e5 2. Nf3 Nf6 3. Nxe5 d6 4. Nxf7 Kxf7 5. d4 Be7 6. Nc3 c6 7. Bc4+ d5 8.
Bb3 Be6 9. e5 Ne8 10. Qf3+ Kg8 11. O-O Nc7 12. Ne2 Qf8 13. Nf4 Nd7 14. Qe2 Bf5
15. g4 Bg6 16. a4 Nb6 17. a5 Nc4 18. c3 Bf7 19. Kh1 Ne6 20. Nxe6 Bxe6 21. f4 g6
22. f5 gxf5 23. gxf5 Bxf5 24. Qg2+ Qg7 25. Rxf5 Qxg2+ 26. Kxg2 Kg7 27. Bxc4
dxc4 28. Be3 Raf8 29. Raf1 Rxf5 30. Rxf5 Rf8 31. Rxf8 Kxf8 32. Kf3 Kf7 33. Ke4
Ke6 34. Kf4 Bd8 35. a6 b5 36. Kg4 {Normal} 1-0

[Event "Rated Blitz game"]
[Site "?"]
[Date "2021.01.28"]
[Round "?"]
[White "jflup"]
[Black "darthpetrov2000"]
[Result "1-0"]
[ECO "C42"]
[WhiteElo "2429"]
[BlackElo "2585"]
[PlyCount "33"]
[EventDate "2021.??.??"]
[EventType "blitz"]
[TimeControl "180"]

1. e4 e5 2. Nf3 Nf6 3. Nxe5 d6 4. Nxf7 Kxf7 5. d4 c5 6. dxc5 Nc6 7. Nc3 Be6 8.
Bg5 dxc5 9. Qc1 Be7 10. f4 Nd4 11. f5 Nxf5 12. exf5 Bxf5 13. Bc4+ Kg6 14. Bxf6
Bxf6 15. Nd5 b5 16. Nf4+ Kh6 17. Ne6+ {Normal} 1-0

[Event "Rated Blitz game"]
[Site "?"]
[Date "2021.01.27"]
[Round "?"]
[White "dbestsmiles"]
[Black "Osvetnik67"]
[Result "1-0"]
[ECO "C42"]
[WhiteElo "2432"]
[BlackElo "2389"]
[PlyCount "69"]
[EventDate "2021.??.??"]
[EventType "blitz"]
[TimeControl "180"]

1. e4 e5 2. Nf3 Nf6 3. Nxe5 d6 4. Nxf7 Kxf7 5. d4 c6 6. Bd3 g6 7. O-O Be7 8. f4
Kg7 9. c3 d5 10. e5 Ne4 11. Qe2 Rf8 12. Bxe4 dxe4 13. Qxe4 Be6 14. Nd2 Nd7 15.
Qe2 Nb6 16. Ne4 Bd5 17. b3 Bxe4 18. Qxe4 Qd5 19. Qe2 c5 20. f5 Rxf5 21. Rxf5
gxf5 22. Qh5 cxd4 23. Bh6+ Kg8 24. Rf1 Qe6 25. Rxf5 Qg6 26. Qh3 dxc3 27. Rf3 c2
28. Rg3 Bc5+ 29. Kf1 Rf8+ 30. Ke2 Rf2+ 31. Ke1 Kf7 32. Rxg6 hxg6 33. e6+ Ke8
34. Bg5 Nd5 35. Qh7 {Time forfeit} 1-0

[Event "Rated Blitz tournament k99zey6O"]
[Site "?"]
[Date "2021.01.26"]
[Round "?"]
[White "josefghng"]
[Black "euar"]
[Result "1-0"]
[ECO "C42"]
[WhiteElo "2430"]
[BlackElo "2344"]
[PlyCount "73"]
[EventDate "2021.??.??"]
[EventType "blitz"]
[TimeControl "180"]

1. e4 e5 2. Nf3 Nf6 3. Nxe5 d6 4. Nxf7 Kxf7 5. Bc4+ Be6 6. Bxe6+ Kxe6 7. d4 c5
8. d5+ Kd7 9. Qe2 Qe8 10. Nc3 a6 11. a4 Kc7 12. O-O Nbd7 13. f4 g6 14. a5 Bg7
15. e5 dxe5 16. fxe5 Nxe5 17. Bf4 Nfd7 18. d6+ Kb8 19. Nd5 Nc6 20. Ne7 Nxe7 21.
dxe7+ Ka7 22. c3 Rc8 23. Rad1 Rc6 24. Bd6 Nf6 25. Qe3 Qc8 26. b4 Ka8 27. bxc5
Re8 28. c4 Nd7 29. Rd5 Nf6 30. h3 Nxd5 31. cxd5 Rxd6 32. cxd6 Qd7 33. Qe6 Bd4+
34. Kh1 Qb5 35. Rd1 Bc5 36. d7 Bxe7 37. dxe8=Q+ {Time forfeit} 1-0

[Event "Rated Blitz tournament uXjI3yp0"]
[Site "?"]
[Date "2021.01.26"]
[Round "?"]
[White "Donseng"]
[Black "Ucadac"]
[Result "1-0"]
[ECO "C42"]
[WhiteElo "2402"]
[BlackElo "2208"]
[PlyCount "53"]
[EventDate "2021.??.??"]
[EventType "blitz"]
[TimeControl "180"]

1. e4 e5 2. Nf3 Nf6 3. Nxe5 d6 4. Nxf7 Kxf7 5. d4 Be7 6. Nc3 Re8 7. Bc4+ Kf8 8.
O-O d5 9. Nxd5 Nxd5 10. Bxd5 Bf6 11. Qh5 Be6 12. Bxe6 Rxe6 13. e5 Be7 14. c3
Kg8 15. f4 Bf8 16. f5 Re8 17. f6 gxf6 18. Rxf6 Nd7 19. Rf7 Bg7 20. Bg5 Qc8 21.
Raf1 Nf8 22. Rxg7+ Kxg7 23. Rf7+ Kg8 24. Bf6 Qe6 25. Rg7+ Kh8 26. Rxh7+ Kg8 27.
Rg7# {Normal} 1-0

[Event "Rated Blitz game"]
[Site "?"]
[Date "2021.01.25"]
[Round "?"]
[White "H-HH"]
[Black "Bikerswex"]
[Result "1-0"]
[ECO "C42"]
[WhiteElo "2419"]
[BlackElo "2305"]
[PlyCount "101"]
[EventDate "2021.??.??"]
[EventType "blitz"]
[TimeControl "180"]

1. e4 e5 2. Nf3 Nf6 3. Nxe5 d6 4. Nxf7 Kxf7 5. Nc3 Qe8 6. Bc4+ Be6 7. Bxe6+
Qxe6 8. O-O c5 9. d4 cxd4 10. Qxd4 Nc6 11. Qa4 h5 12. Bg5 Be7 13. Rad1 a6 14.
Bxf6 Bxf6 15. Nd5 Rad8 16. Qb3 b5 17. a4 Nd4 18. Qd3 Rhe8 19. Rfe1 bxa4 20. c3
Nb3 21. Qxa6 Nc5 22. Qe2 Qg4 23. f3 Qg5 24. h3 Kg8 25. Qf2 Kh8 26. f4 Qg6 27.
Qf3 Bh4 28. f5 Qg5 29. Re2 Bg3 30. f6 gxf6 31. Nxf6 Rf8 32. Qxh5+ Qxh5 33. Nxh5
Be5 34. Rf1 Kh7 35. g4 Kg6 36. Rxf8 Rxf8 37. Kg2 Kg5 38. Ng3 Bxg3 39. Kxg3 Rf1
40. h4+ Kg6 41. e5 dxe5 42. Rxe5 Nd3 43. Re6+ Kf7 44. Rb6 Rb1 45. g5 Rxb2 46.
Ra6 Nc5 47. Ra7+ Ke6 48. g6 Ne4+ 49. Kf4 Nf6 50. Ra6+ Ke7 51. Rxa4 {Time
forfeit} 1-0

[Event "Rated Blitz game"]
[Site "?"]
[Date "2021.01.24"]
[Round "?"]
[White "Roman_Morozov"]
[Black "X_Infinity_X"]
[Result "1-0"]
[ECO "C42"]
[WhiteElo "2568"]
[BlackElo "2461"]
[PlyCount "69"]
[EventDate "2021.??.??"]
[EventType "blitz"]
[TimeControl "180"]

1. e4 e5 2. Nf3 Nf6 3. Nxe5 d6 4. Nxf7 Kxf7 5. d4 Ke8 6. Nc3 c5 7. Bb5+ Bd7 8.
O-O Bxb5 9. Nxb5 a6 10. Na3 cxd4 11. Qxd4 Nc6 12. Qd3 b5 13. b4 Rc8 14. Bb2
Nxb4 15. Qb3 d5 16. Rae1 Be7 17. exd5 Nbxd5 18. c4 Nf4 19. cxb5 Qd5 20. Qg3
N6h5 21. Qg4 Kf7 22. Re5 Qd3 23. Rd1 Qg6 24. Rxe7+ Kxe7 25. Qd7+ Kf8 26. Qxc8+
Qe8 27. Rd8 Kf7 28. Rxe8 Rxe8 29. Qc4+ Kg6 30. Qc2+ Kf7 31. Kf1 axb5 32. Qxh7
Re2 33. Bc3 Rxa2 34. Nxb5 Rc2 35. Qxc2 {Normal} 1-0

[Event "Rated Blitz game"]
[Site "?"]
[Date "2021.01.24"]
[Round "?"]
[White "ganorabako"]
[Black "Huljuttelija"]
[Result "1-0"]
[ECO "C42"]
[WhiteElo "2330"]
[BlackElo "2413"]
[PlyCount "43"]
[EventDate "2021.??.??"]
[EventType "blitz"]
[TimeControl "180+2"]

1. e4 e5 2. Nf3 Nf6 3. Nxe5 d6 4. Nxf7 Kxf7 5. d4 c5 6. Nc3 cxd4 7. Bc4+ Ke8 8.
Qxd4 Nc6 9. Qd1 Bg4 10. f3 Bh5 11. Be3 Bf7 12. Qe2 Qd7 13. O-O-O Ne5 14. Bb5
Nc6 15. e5 Ng8 16. exd6 Kd8 17. Bf4 Nf6 18. Rhe1 a6 19. Bc4 Bxc4 20. Qxc4 b5
21. Qc5 Rc8 22. Qb6+ {Normal} 1-0

[Event "Rated Blitz game"]
[Site "?"]
[Date "2021.01.23"]
[Round "?"]
[White "Dmitry_Gritsenko"]
[Black "micfel"]
[Result "1-0"]
[ECO "C42"]
[WhiteElo "2440"]
[BlackElo "2457"]
[PlyCount "29"]
[EventDate "2021.??.??"]
[EventType "blitz"]
[TimeControl "180"]

1. e4 e5 2. Nf3 Nf6 3. Nxe5 d6 4. Nxf7 Kxf7 5. d4 c6 6. Nc3 Be7 7. Bc4+ d5 8.
exd5 b5 9. Bb3 cxd5 10. Nxb5 Re8 11. O-O Nc6 12. Bg5 Na5 13. Bxf6 Bxf6 14. Qh5+
Kf8 15. Bxd5 {Normal} 1-0

[Event "Rated Blitz game"]
[Site "?"]
[Date "2021.01.23"]
[Round "?"]
[White "irekyouall"]
[Black "chickenwinx"]
[Result "0-1"]
[ECO "C42"]
[WhiteElo "2442"]
[BlackElo "2505"]
[PlyCount "26"]
[EventDate "2021.??.??"]
[EventType "blitz"]
[TimeControl "180"]

1. e4 e5 2. Nf3 Nf6 3. Nxe5 d6 4. Nxf7 Kxf7 5. d4 Nc6 6. Nc3 Bg4 7. f3 Bd7 8.
Bc4+ d5 9. Nxd5 Be6 10. Bg5 Na5 11. b3 Nxc4 12. bxc4 c6 13. Ne3 Qa5+ {Normal}
0-1

[Event "Rated Blitz tournament F2ZUWbCJ"]
[Site "?"]
[Date "2021.01.21"]
[Round "?"]
[White "Schach_du_Nase"]
[Black "Fraisen"]
[Result "1-0"]
[ECO "C42"]
[WhiteElo "2445"]
[BlackElo "2274"]
[PlyCount "97"]
[EventDate "2021.??.??"]
[EventType "blitz"]
[TimeControl "300"]

1. e4 e5 2. Nf3 Nf6 3. Nxe5 d6 4. Nxf7 Kxf7 5. d4 c5 6. Nc3 Nc6 7. Bc4+ Be6 8.
Bxe6+ Kxe6 9. d5+ Kf7 10. dxc6 bxc6 11. Bg5 h6 12. Bxf6 Qxf6 13. Qf3 Qxf3 14.
gxf3 Be7 15. Rd1 Rhd8 16. b3 a5 17. Ke2 Bf6 18. Na4 Rab8 19. c4 Be5 20. h4 Ke7
21. h5 Rf8 22. Rd3 Rf4 23. Nc3 Rbf8 24. Nd1 Bd4 25. Rh3 Ke6 26. Ne3 Kd7 27. Ng2
R4f7 28. f4 Rxf4 29. Nxf4 Rxf4 30. f3 Ke6 31. Rd1 Bf6 32. Rg1 Bg5 33. Rg4 Rf8
34. Rhg3 a4 35. Rxg5 hxg5 36. Rxg5 axb3 37. axb3 Rb8 38. Rxg7 Rxb3 39. Rg6+ Ke7
40. h6 Rc3 41. h7 Rc2+ 42. Ke3 Rh2 43. Rg7+ Kf6 44. Rd7 Ke6 45. Rc7 Rh3 46. Kf4
Kf6 47. Rxc6 Rxh7 48. Rxd6+ Ke7 49. Rc6 {Normal} 1-0

[Event "Rated Blitz tournament F2ZUWbCJ"]
[Site "?"]
[Date "2021.01.21"]
[Round "?"]
[White "Schach_du_Nase"]
[Black "Fraisen"]
[Result "0-1"]
[ECO "C42"]
[WhiteElo "2461"]
[BlackElo "2282"]
[PlyCount "84"]
[EventDate "2021.??.??"]
[EventType "blitz"]
[TimeControl "300"]

1. e4 e5 2. Nf3 Nf6 3. Nxe5 d6 4. Nxf7 Kxf7 5. d4 c5 6. Nc3 Nc6 7. Bc4+ Ke8 8.
d5 Ne5 9. Be2 g6 10. f4 Ned7 11. g4 a6 12. g5 Ng8 13. a4 Bg7 14. h4 h5 15. f5
Be5 16. f6 Kf7 17. Be3 Ngxf6 18. gxf6 Nxf6 19. Qd2 Ng4 20. Bxg4 Bxg4 21. Bg5
Qa5 22. O-O+ Kg7 23. Kg2 Qb4 24. Qd3 Rhf8 25. Bd2 Rxf1 26. Rxf1 Qxb2 27. Rb1
Qa3 28. Rxb7+ Kh8 29. Qe3 Bg7 30. Qg5 Rg8 31. Qe7 Qa1 32. Rb1 Qa3 33. Rb3 Qa1
34. Qxd6 Rf8 35. Rb1 Qa3 36. e5 Bf3+ 37. Kh2 Rf5 38. Re1 Qb2 39. Qxg6 Qxc2 40.
Kg3 Bg4 41. Re2 Rf3+ 42. Kg2 Qxg6 {Normal} 0-1

[Event "Rated Blitz game"]
[Site "?"]
[Date "2021.01.21"]
[Round "?"]
[White "Harrisdeguia"]
[Black "Jakob19"]
[Result "0-1"]
[ECO "C42"]
[WhiteElo "2335"]
[BlackElo "2417"]
[PlyCount "78"]
[EventDate "2021.??.??"]
[EventType "blitz"]
[TimeControl "180"]

1. e4 e5 2. Nf3 Nf6 3. Nxe5 d6 4. Nxf7 Kxf7 5. d4 c5 6. dxc5 Nc6 7. Bc4+ Be6 8.
Bd5 Bxd5 9. exd5 Ne7 10. cxd6 Qxd6 11. c4 Qe5+ 12. Be3 Qxb2 13. Nd2 Ng6 14. Rb1
Qxa2 15. Rxb7+ Be7 16. O-O Qa6 17. Rc7 Rhc8 18. Rxc8 Rxc8 19. Qf3 Kg8 20. Qf5
Rxc4 21. Nxc4 Qxc4 22. Qe6+ Kf8 23. Bxa7 Qxd5 24. Qe2 Qe4 25. Be3 Kf7 26. Rc1
Nd5 27. Qa2 Bf6 28. h3 Nge7 29. Bc5 Kg6 30. Bxe7 Nxe7 31. Rd1 h6 32. Qa3 Kh7
33. Qg3 Qe5 34. Qf3 Qf5 35. Qb7 Qc8 36. Qa7 Qf5 37. Re1 Ng6 38. Qf7 Ne5 39. Re3
Nxf7 {Normal} 0-1